General information
- name: BNet
- type: Ladder team game (AT/RT)
- host: Battle.net
- saver:
map: Cherryville
- players: 8
- length: 35:06
- speed: Fast
- version: 1.26 W3XP
- replay type: Public
» download(276 KB)
Players
team 1 (winner)
ANGRYGAY.MAN (
green | 87 APM | 3057 actions | 35:06)
8 Mountain King
3 Storm Bolt
3 Bash
1 Avatar
1 Thunder Clap
7 Paladin
3 Holy Light
2 Devotion Aura
1 Divine Shield
1 Resurrection
» actions
| Assign group hotkey | 31 | |
| Basic commands | 2 | |
| Build / train | 116 | |
| ESC pressed | 1 | |
| Enter build submenu | 40 | |
| Enter hero's abilities submenu | 15 | |
| Right click | 1294 | |
| Select / deselect | 384 | |
| Select group hotkey | 982 | |
| Use ability | 192 | |
3057 total
» units
| Peasant | 20 | |
| Footman | 11 | |
| Kobold | 1 | |
| Murloc Huntsman | 1 | |
| Assassin | 2 | |
| Kobold Geomancer | 2 | |
| Gryphon Rider | 8 | |
| Dragonhawk Rider | 7 | |
52 total
» upgrades
| Lumber Harvesting | 1 | |
| Swords | 3 | |
| Storm Hammers | 1 | |
| Armor | 3 | |
| Cloud | 1 | |
9 total
» buildings
| Altar of Kings | 1 | |
| Farm | 14 | |
| Barracks | 1 | |
| Scout Tower | 9 | |
| Arcane Tower | 1 | |
| Arcane Vault | 2 | |
| Town Hall | 3 | |
| Lumber Mill | 1 | |
| Guard Tower | 11 | |
| Keep | 4 | |
| Blacksmith | 1 | |
| Gryphon Aviary | 4 | |
| Castle | 3 | |
55 total
» build order
00:11 Altar of Kings
00:16 Farm
00:25 Barracks
00:57 Farm
01:36 Farm
01:51 Scout Tower
02:24 Arcane Tower
02:38 Arcane Vault
02:53 Farm
05:15 Town Hall
05:23 Scout Tower
05:26 Scout Tower
05:30 Scout Tower
05:33 Lumber Mill
05:53 Guard Tower
05:53 Guard Tower
05:53 Guard Tower
05:55 Guard Tower
05:57 Guard Tower
06:02 Scout Tower
06:06 Arcane Vault
06:16 Keep
06:17 Keep
06:31 Guard Tower
07:32 Blacksmith
08:03 Farm
08:39 Gryphon Aviary
08:52 Gryphon Aviary
08:59 Castle
08:59 Castle
09:41 Scout Tower
10:09 Scout Tower
10:31 Guard Tower
10:43 Guard Tower
10:45 Scout Tower
10:56 Farm
10:58 Farm
11:09 Scout Tower
11:30 Farm
11:32 Farm
11:51 Guard Tower
12:30 Farm
12:33 Farm
13:16 Farm
15:21 Farm
16:01 Farm
20:10 Gryphon Aviary
20:12 Gryphon Aviary
26:43 Town Hall
29:25 Town Hall
» items
| Scroll of Regeneration | 7 | |
| Lesser Clarity Potion | 4 | |
| Scroll of Town Portal | 4 | |
| Potion of Healing | 2 | |
| Staff of Sanctuary | 1 | |
18 total

»
StubMyDamnTOE (
orange | 148 APM | 5201 actions | 35:06)
7 Pandaren Brewmaster
3 Breath of Fire
3 Drunken Haze
1 Storm Earth and Fire
» actions
| Assign group hotkey | 341 | |
| Basic commands | 410 | |
| Build / train | 157 | |
| ESC pressed | 16 | |
| Enter build submenu | 70 | |
| Enter hero's abilities submenu | 10 | |
| Right click | 1904 | |
| Select / deselect | 849 | |
| Select group hotkey | 1242 | |
| Use ability | 202 | |
5201 total
» units
| Wisp | 95 | |
| Archer | 1 | |
| Huntress | 6 | |
| Dryad | 8 | |
| Hippogryph | 6 | |
| Mountain Giant | 1 | |
117 total
» upgrades
| Ultravision | 1 | |
| Strength of the Wild | 3 | |
| Abolish Magic | 1 | |
| Nature's Blessing | 1 | |
| Reinforced Hides | 3 | |
| Well Spring | 1 | |
| Druid of the Claw Training | 1 | |
| Hardened Skin | 1 | |
| Resistant Skin | 1 | |
| Strength of the Moon | 1 | |
| Moon Armor | 1 | |
15 total
» buildings
| Moon Well | 10 | |
| Altar of Elders | 1 | |
| Hunter's Hall | 1 | |
| Ancient of War | 2 | |
| Tree of Life | 4 | |
| Tree of Ages | 3 | |
| Ancient Protector | 42 | |
| Ancient of Lore | 3 | |
| Tree of Eternity | 2 | |
| Ancient of Wind | 3 | |
| Ancient of Wonders | 1 | |
72 total
» build order
00:25 Moon Well
01:01 Altar of Elders
01:08 Moon Well
02:10 Hunter's Hall
02:17 Ancient of War
02:21 Ancient of War
03:25 Moon Well
05:55 Tree of Life
07:26 Tree of Ages
07:26 Tree of Ages
07:26 Tree of Ages
07:44 Moon Well
08:07 Ancient Protector
08:07 Ancient Protector
08:08 Ancient Protector
10:43 Ancient of Lore
10:44 Ancient of Lore
10:56 Ancient Protector
10:58 Ancient Protector
12:26 Tree of Life
12:30 Ancient Protector
12:31 Ancient Protector
12:32 Ancient Protector
12:41 Ancient Protector
13:12 Moon Well
13:13 Moon Well
13:57 Ancient of Lore
14:17 Tree of Eternity
18:59 Tree of Life
19:05 Ancient Protector
19:06 Ancient Protector
19:06 Ancient Protector
19:07 Ancient Protector
19:07 Ancient Protector
19:08 Ancient Protector
19:35 Ancient Protector
19:54 Ancient Protector
21:12 Ancient of Wind
21:12 Ancient of Wind
21:12 Ancient of Wind
21:35 Tree of Life
23:22 Moon Well
23:23 Moon Well
24:04 Ancient of Wonders
24:21 Moon Well
24:22 Moon Well
28:11 Ancient Protector
28:11 Ancient Protector
28:11 Ancient Protector
28:13 Ancient Protector
28:14 Ancient Protector
28:34 Ancient Protector
33:42 Ancient Protector
33:42 Ancient Protector
33:43 Ancient Protector
34:00 Ancient Protector
34:01 Ancient Protector
34:01 Ancient Protector
34:12 Ancient Protector
34:20 Ancient Protector
34:20 Ancient Protector
34:35 Ancient Protector
34:35 Ancient Protector
34:36 Ancient Protector
34:36 Ancient Protector
34:45 Ancient Protector
34:45 Ancient Protector
34:45 Ancient Protector
35:02 Ancient Protector
35:03 Ancient Protector
35:04 Ancient Protector
» items
| Boots of Speed | 1 | |
| Staff of Teleportation | 1 | |
| Healing Salve | 1 | |
| Lesser Clarity Potion | 2 | |
| Scroll of Regeneration | 1 | |
| Scroll of Town Portal | 2 | |
| Scroll of Healing | 2 | |
10 total
Macaque (
pink | 38 APM | 1340 actions | 35:06)
4 Blood Mage
2 Flame Strike
2 Siphon Mana
» actions
| Basic commands | 2 | |
| Build / train | 78 | |
| Enter build submenu | 46 | |
| Enter hero's abilities submenu | 5 | |
| Remove unit from queue | 4 | |
| Right click | 634 | |
| Select / deselect | 531 | |
| Use ability | 39 | |
1340 total
» units
| Peasant | 24 | |
| Footman | 4 | |
| Rifleman | 3 | |
| Flying Machine | 12 | |
| Knight | 9 | |
| Siege Engine | 1 | |
53 total
» upgrades
| Plating | 1 | |
| Gunpowder | 3 | |
| Lumber Harvesting | 2 | |
| Long Rifles | 1 | |
| Flying Machine Bombs | 1 | |
| Flak Cannons | 1 | |
| Barrage | 1 | |
| Swords | 1 | |
| Animal War Training | 1 | |
12 total
» buildings
| Altar of Kings | 1 | |
| Farm | 15 | |
| Barracks | 2 | |
| Lumber Mill | 1 | |
| Blacksmith | 1 | |
| Keep | 1 | |
| Scout Tower | 4 | |
| Castle | 1 | |
| Town Hall | 4 | |
| Workshop | 2 | |
| Guard Tower | 2 | |
| Arcane Sanctum | 1 | |
35 total
» build order
00:18 Altar of Kings
00:58 Farm
01:07 Barracks
01:44 Farm
01:50 Lumber Mill
02:17 Blacksmith
04:20 Farm
04:29 Farm
04:34 Keep
06:34 Barracks
06:38 Scout Tower
06:43 Scout Tower
07:20 Castle
07:37 Farm
07:41 Farm
08:28 Farm
08:31 Farm
08:46 Town Hall
10:23 Workshop
10:27 Scout Tower
10:29 Guard Tower
11:52 Workshop
11:59 Guard Tower
15:54 Arcane Sanctum
15:58 Scout Tower
16:54 Farm
16:58 Farm
18:34 Farm
18:39 Farm
18:40 Farm
19:50 Farm
19:51 Farm
20:00 Town Hall
27:09 Town Hall
32:46 Town Hall
Pwnz[O]r (
blue | 24 APM | 852 actions | 35:06)
9 Blademaster
3 Wind Walk
3 Critical Strike
1 Bladestorm
2 Mirror Image
» actions
| Basic commands | 2 | |
| Build / train | 51 | |
| Enter build submenu | 24 | |
| Enter hero's abilities submenu | 9 | |
| Give item / drop item | 2 | |
| Remove unit from queue | 1 | |
| Right click | 471 | |
| Select / deselect | 223 | |
| Use ability | 69 | |
852 total
» units
» upgrades
| Envenomed Spears | 1 | |
| Reinforced Defenses | 1 | |
| Spiked Barricades | 3 | |
| Armor | 2 | |
| Ranged Weapons | 2 | |
9 total
» buildings
| Altar of Storms | 1 | |
| Orc Burrow | 10 | |
| Stronghold | 1 | |
| War Mill | 1 | |
| Beastiary | 2 | |
| Voodoo Lounge | 1 | |
| Fortress | 1 | |
| Watch Tower | 9 | |
26 total
» build order
00:12 Altar of Storms
00:15 Orc Burrow
01:08 Orc Burrow
02:21 Orc Burrow
02:41 Stronghold
03:20 Orc Burrow
04:02 War Mill
04:16 Orc Burrow
05:05 Beastiary
05:07 Beastiary
05:16 Orc Burrow
06:18 Orc Burrow
07:24 Orc Burrow
07:40 Voodoo Lounge
08:28 Orc Burrow
08:30 Fortress
09:17 Watch Tower
09:21 Watch Tower
09:24 Watch Tower
09:32 Watch Tower
09:35 Watch Tower
09:41 Watch Tower
09:45 Watch Tower
09:49 Watch Tower
10:08 Watch Tower
15:36 Orc Burrow
» items
| Orb of Lightning | 1 | |
| Potion of Healing | 3 | |
| Scroll of Town Portal | 3 | |
7 total
team 2 (loser)

»
kwok (
red | 33 APM | 1148 actions | 35:06)
6 Mountain King
3 Storm Bolt
1 Thunder Clap
1 Bash
1 Avatar
3 Paladin
1 Holy Light
1 Divine Shield
1 Devotion Aura
» actions
| Assign group hotkey | 35 | |
| Basic commands | 49 | |
| Build / train | 90 | |
| Enter build submenu | 31 | |
| Enter hero's abilities submenu | 8 | |
| Remove unit from queue | 2 | |
| Right click | 241 | |
| Select / deselect | 311 | |
| Select group hotkey | 278 | |
| Use ability | 103 | |
1148 total
» units
| Peasant | 12 | |
| Priest | 4 | |
| Gryphon Rider | 4 | |
| Dragonhawk Rider | 3 | |
| Goblin Shredder | 1 | |
| Spell Breaker | 2 | |
| Knight | 2 | |
| Hippogryph | 7 | |
| Dryad | 2 | |
| Druid of the Claw | 1 | |
38 total
» upgrades
| Masonry | 2 | |
| Lumber Harvesting | 1 | |
| Magic Sentry | 1 | |
| Storm Hammers | 1 | |
| Cloud | 1 | |
| Priest Training | 2 | |
| Armor | 3 | |
| Swords | 3 | |
| Animal War Training | 1 | |
15 total
» buildings
| Altar of Kings | 2 | |
| Farm | 12 | |
| Lumber Mill | 1 | |
| Scout Tower | 7 | |
| Guard Tower | 3 | |
| Keep | 1 | |
| Arcane Tower | 3 | |
| Arcane Vault | 3 | |
| Castle | 1 | |
| Arcane Sanctum | 1 | |
| Gryphon Aviary | 3 | |
| Blacksmith | 1 | |
| Town Hall | 1 | |
| Barracks | 2 | |
41 total
» build order
00:15 Altar of Kings
00:21 Farm
00:38 Lumber Mill
01:02 Scout Tower
01:08 Scout Tower
01:17 Farm
01:32 Scout Tower
01:53 Guard Tower
02:15 Guard Tower
02:25 Farm
02:53 Keep
03:40 Farm
03:44 Arcane Tower
04:18 Arcane Vault
04:23 Scout Tower
04:44 Scout Tower
04:47 Scout Tower
04:56 Guard Tower
05:04 Farm
05:18 Castle
05:53 Scout Tower
05:58 Arcane Sanctum
06:42 Arcane Vault
07:22 Gryphon Aviary
07:32 Blacksmith
07:46 Arcane Tower
07:58 Gryphon Aviary
08:34 Arcane Vault
09:27 Gryphon Aviary
09:57 Farm
09:59 Farm
10:34 Town Hall
12:10 Barracks
17:23 Barracks
22:07 Farm
22:07 Farm
23:22 Farm
28:28 Altar of Kings
28:34 Farm
33:05 Arcane Tower
» items
| Potion of Mana | 1 | |
| Lesser Clarity Potion | 2 | |
| Orb of Fire | 2 | |
| Scroll of Town Portal | 3 | |
| Scroll of Regeneration | 2 | |
| Potion of Healing | 2 | |
| Orb of Corruption | 1 | |
| Scroll of Healing | 1 | |
14 total
Mudstructoid (
purple | 59 APM | 2066 actions | 35:06)
3 Pandaren Brewmaster
2 Breath of Fire
1 Drunken Haze
2 Demon Hunter
1 Mana Burn
1 Evasion
2 Pit Lord
1 Howl of Terror
1 Cleaving Attack
» actions
| Assign group hotkey | 39 | |
| Basic commands | 146 | |
| Build / train | 96 | |
| ESC pressed | 12 | |
| Enter build submenu | 35 | |
| Enter hero's abilities submenu | 7 | |
| Give item / drop item | 2 | |
| Right click | 433 | |
| Select / deselect | 703 | |
| Select group hotkey | 416 | |
| Use ability | 176 | |
2066 total
» units
| Wisp | 41 | |
| Archer | 5 | |
| Druid of the Talon | 18 | |
64 total
» upgrades
| Druid of the Talon Training | 2 | |
| Well Spring | 1 | |
| Strength of the Wild | 3 | |
| Reinforced Hides | 3 | |
| Nature's Blessing | 1 | |
| Ultravision | 1 | |
| Mark of the Talon | 1 | |
12 total
» buildings
| Altar of Elders | 2 | |
| Ancient of War | 1 | |
| Moon Well | 4 | |
| Tree of Ages | 1 | |
| Ancient of Wonders | 4 | |
| Ancient of Wind | 5 | |
| Tree of Eternity | 1 | |
| Hunter's Hall | 1 | |
| Tree of Life | 4 | |
| Ancient Protector | 6 | |
29 total
» build order
00:08 Altar of Elders
00:15 Ancient of War
01:00 Moon Well
02:35 Tree of Ages
02:44 Moon Well
03:39 Ancient of Wonders
03:47 Ancient of Wonders
06:39 Moon Well
07:21 Ancient of Wind
07:26 Ancient of Wind
09:27 Tree of Eternity
10:36 Hunter's Hall
11:13 Tree of Life
11:34 Moon Well
12:23 Ancient Protector
12:35 Ancient Protector
13:00 Ancient Protector
14:07 Tree of Life
18:57 Tree of Life
21:21 Tree of Life
21:32 Ancient of Wind
22:10 Ancient of Wonders
22:14 Ancient of Wind
22:15 Ancient of Wind
22:20 Ancient of Wonders
24:20 Ancient Protector
25:33 Ancient Protector
25:44 Ancient Protector
28:01 Altar of Elders
» items
| Potion of Healing | 3 | |
| Scroll of Town Portal | 3 | |
| Lesser Clarity Potion | 1 | |
7 total

»
Mudkraps (
teal | 50 APM | 1492 actions | 29:46)
6 Pandaren Brewmaster
3 Breath of Fire
3 Drunken Haze
» actions
| Assign group hotkey | 144 | |
| Basic commands | 160 | |
| Build / train | 75 | |
| ESC pressed | 1 | |
| Enter build submenu | 32 | |
| Enter hero's abilities submenu | 6 | |
| Give item / drop item | 4 | |
| Remove unit from queue | 1 | |
| Right click | 409 | |
| Select / deselect | 206 | |
| Select group hotkey | 327 | |
| Use ability | 127 | |
1492 total
» units
| Wisp | 20 | |
| Archer | 3 | |
| Huntress | 2 | |
| Goblin Shredder | 1 | |
| Chimaera | 9 | |
| Dryad | 4 | |
39 total
» upgrades
| Ultravision | 1 | |
| Strength of the Wild | 3 | |
| Reinforced Hides | 3 | |
| Sentinel | 1 | |
| Improved Bows | 1 | |
| Corrosive Breath | 1 | |
| Well Spring | 1 | |
| Abolish Magic | 1 | |
12 total
» buildings
| Moon Well | 8 | |
| Altar of Elders | 1 | |
| Ancient of War | 1 | |
| Ancient of Wonders | 1 | |
| Hunter's Hall | 1 | |
| Tree of Ages | 1 | |
| Ancient Protector | 1 | |
| Ancient of Lore | 4 | |
| Ancient of Wind | 1 | |
| Tree of Eternity | 1 | |
| Chimaera Roost | 4 | |
| Tree of Life | 2 | |
26 total
» build order
00:23 Moon Well
00:36 Altar of Elders
01:05 Moon Well
01:44 Ancient of War
02:00 Moon Well
02:28 Ancient of Wonders
02:32 Hunter's Hall
03:10 Moon Well
04:31 Tree of Ages
04:41 Moon Well
06:11 Moon Well
06:19 Ancient Protector
06:54 Ancient of Lore
06:59 Ancient of Wind
07:00 Tree of Eternity
10:17 Chimaera Roost
10:45 Chimaera Roost
11:35 Tree of Life
11:44 Moon Well
13:38 Chimaera Roost
13:41 Chimaera Roost
19:53 Moon Well
22:56 Tree of Life
24:08 Ancient of Lore
24:11 Ancient of Lore
24:14 Ancient of Lore
» items
| Lesser Clarity Potion | 2 | |
| Dust of Appearance | 1 | |
| Staff of Teleportation | 1 | |
| Scroll of Healing | 1 | |
| Staff of Sanctuary | 1 | |
| Potion of Healing | 2 | |
| Scroll of Town Portal | 5 | |
| Orb of Venom | 1 | |
14 total
vallyindaclub (
yellow | 88 APM | 2829 actions | 32:03)
6 Dreadlord
3 Vampiric Aura
2 Carrion Swarm
1 Inferno
4 Death Knight
1 Death Coil
1 Death Pact
2 Unholy Aura
3 Lich
1 Dark Ritual
2 Frost Nova
» actions
| Assign group hotkey | 119 | |
| Basic commands | 5 | |
| Build / train | 114 | |
| Enter build submenu | 18 | |
| Enter hero's abilities submenu | 13 | |
| Give item / drop item | 3 | |
| Right click | 629 | |
| Select / deselect | 550 | |
| Select group hotkey | 1291 | |
| Use ability | 87 | |
2829 total
» units
» upgrades
| Creature Attack | 3 | |
| Creature Carapace | 3 | |
| Stone Form | 1 | |
| Ghoul Frenzy | 1 | |
| Unholy Strength | 1 | |
| Unholy Armor | 1 | |
10 total
» buildings
| Ziggurat | 9 | |
| Altar of Darkness | 1 | |
| Crypt | 2 | |
| Nerubian Tower | 4 | |
| Graveyard | 1 | |
| Spirit Tower | 4 | |
| Halls of the Dead | 1 | |
| Necropolis | 1 | |
| Black Citadel | 1 | |
| Tomb of Relics | 1 | |
25 total
» build order
00:09 Ziggurat
00:15 Altar of Darkness
00:20 Crypt
01:12 Ziggurat
01:42 Nerubian Tower
02:01 Crypt
03:12 Nerubian Tower
04:30 Ziggurat
04:34 Ziggurat
04:56 Graveyard
05:23 Nerubian Tower
06:43 Spirit Tower
07:01 Halls of the Dead
07:08 Ziggurat
07:12 Ziggurat
07:31 Ziggurat
07:34 Necropolis
08:35 Spirit Tower
08:39 Ziggurat
09:34 Black Citadel
09:37 Nerubian Tower
09:39 Spirit Tower
10:34 Tomb of Relics
10:43 Ziggurat
13:20 Spirit Tower
» items
| Potion of Lesser Invulnerability | 3 | |
| Periapt of Vitality | 1 | |
| Boots of Speed | 1 | |
| Scroll of Town Portal | 9 | |
| Scroll of Healing | 4 | |
| Scroll of Protection | 1 | |
| Orb of Fire | 1 | |
| Scroll of Regeneration | 3 | |
| Potion of Mana | 1 | |
| Lesser Clarity Potion | 1 | |
| Orb of Corruption | 1 | |
26 total
Chat log
(00:07 / All) Mudkraps: aw man
(00:09 / All) Mudkraps: I hate playing you
(00:14 / All) StubMyDamnTOE: Everyone does.
(00:16 / All) StubMyDamnTOE: I'm the best.
(00:26 / All) Mudstructoid: lol
(00:27 / All) Mudkraps: second best actually
(00:30 / All) Mudkraps: flamestruck > you
(00:30 / Allies) vallyindaclub: he is massing these days
(00:35 / All) StubMyDamnTOE: Flamestruck plays on Europe.
(00:37 / Allies) vallyindaclub: just so you know
(00:39 / All) StubMyDamnTOE: This game is region-locked.
(00:41 / All) StubMyDamnTOE: So it doesn't count.
(00:41 / All) Mudstructoid: ICYCALM IS BETTER AT STARCRAFT THEN YOU BECAUSE HE PLAYS IT FOR THE SINGLE PLAYER
(00:49 / All) StubMyDamnTOE: Truedat.
(00:57 / All) Mudkraps: lol icycalm
(01:01 / All) Mudkraps: stop talking about that idiot already
(01:07 / Allies) vallyindaclub: rush ?
(01:13 / Allies) Mudkraps: on this map? nty
(01:19 / All) StubMyDamnTOE: Yeah, otherwise, Teelo is going to go on AIM and redirect your comment against me...
(01:28 / All) StubMyDamnTOE: ...saying how I talk about the guy too much even though I never say anything about him.
(01:35 / All) Mudkraps: lol its true
(02:09 / All) Mudstructoid: ghetto's trying to do your wisp harass technique
(02:14 / All) Mudstructoid: he fails at it thoguh
(02:17 / All) Mudkraps: lol pies is doing the same strat as me
(02:25 / All) Mudstructoid: :P
(02:44 / All) Mudkraps: *autofollows him*
(02:55 / All) Mudstructoid: OMG YOU STEAL EXP YOU NERD AND/OR VIRGIN FUK
(03:05 / All) Mudkraps: SORRUY I THOUGHT THIS WAS A TEAM GAME
(03:08 / All) StubMyDamnTOE: lol
(03:12 / All) Mudstructoid: THERES NO TEAM IN RT
(03:36 / All) Pwnz[O]r: Panda team :)
(03:37 / Allies) Mudkraps: no shop pies?
(03:43 / Allies) Mudstructoid: oh right
(03:52 / Allies) Mudkraps: noob and/or virgin
(03:59 / Allies) Mudstructoid: thanks
(04:02 / Allies) kwok: np
(04:07 / Allies) Mudkraps: np
(05:09 / Allies) Mudkraps: bm is going back to your base pies
(05:26 / Allies) Mudstructoid: looks like bat
(05:44 / Allies) kwok: going back
(06:00 / All) StubMyDamnTOE: So did we all get Panda?
(06:02 / Allies) Mudkraps: oh god is red towering me? lol
(06:18 / All) Mudstructoid: did we?
(06:24 / All) StubMyDamnTOE: I think so, yes.
(06:27 / All) Mudstructoid: BREATH HIM
(06:28 / All) Mudstructoid: ok
(06:31 / All) Mudstructoid: lol
(06:35 / All) StubMyDamnTOE: BREATH ON HIM
(07:00 / All) Mudstructoid: It comes with the duty of being an army commander in the warcraft univserse
(07:06 / All) Mudstructoid: Sometimes you have to tell your troops to breath on the enemy.
(07:24 / All) StubMyDamnTOE: Agleed.
(07:31 / Allies) Mudstructoid: thanks red
(07:41 / Allies) kwok: np
(07:42 / Allies) Mudstructoid: yellow if you can pass me some wood that would be cool
(07:57 / Allies) Mudstructoid: since you have 3 times as much wood as you have gold
(08:05 / Allies) Mudstructoid: please
(08:23 / Allies) Mudstructoid: ugh
(08:38 / Allies) Mudstructoid: yellow wood please
(08:48 / Allies) Mudkraps: there
(08:54 / Allies) Mudstructoid: thanks
(09:02 / Allies) Mudstructoid: lol
(09:09 / Allies) Mudstructoid: i gave yellow 400 gold to exchange for wood
(09:12 / Allies) Mudstructoid: he gave me the gold back
(09:17 / Allies) Mudkraps: lol
(09:18 / Allies) Mudkraps: pro
(09:18 / Allies) Mudstructoid: oh there it goes thanks
(09:28 / Allies) vallyindaclub: i dont need it
(09:46 / Allies) Mudstructoid: get ghettos main!
(10:20 / Allies) Mudstructoid: ah fuak
(11:10 / All) StubMyDamnTOE: I'm mad now.
(11:16 / All) Pwnz[O]r: Rawr.
(11:17 / All) Mudstructoid: Does that mean you're gonna backstab?
(11:24 / All) StubMyDamnTOE: yes
(11:26 / All) StubMyDamnTOE: Your base.
(11:55 / Allies) Mudstructoid: eh
(12:10 / All) StubMyDamnTOE: No, Mr. Simpson! A cat is a living creature!
(13:17 / All) Mudstructoid: Nice maphack blue
(13:21 / All) Pwnz[O]r: ??
(13:23 / All) Mudstructoid: :P
(13:30 / All) Mudstructoid: Are you from russia?
(13:34 / All) StubMyDamnTOE: I am.
(13:35 / All) Pwnz[O]r: Canada.
(13:45 / All) Mudstructoid: lol
(16:48 / Allies) kwok: wood pls
(17:12 / Allies) Mudkraps: they have hawks
(17:15 / Allies) Mudkraps: ive gotta be careful
(17:39 / All) Mudstructoid: Yeah you would make units to counter my units
(17:40 / All) Mudstructoid: noob
(17:45 / All) StubMyDamnTOE: very useful talent toi have
(18:02 / All) StubMyDamnTOE: you both got pandas
(18:08 / All) StubMyDamnTOE: why would i make any other unit
(18:23 / All) Mudstructoid: Yellow understands though
(18:27 / All) Mudstructoid: he knows that garg is good vs breath
(18:36 / All) Mudstructoid: Why can't you follow his example
(18:44 / All) StubMyDamnTOE: roger
(18:47 / Allies) vallyindaclub: go
(19:01 / Allies) Mudkraps: I cant tp to him
(19:03 / Allies) kwok: the hall
(19:05 / Allies) Mudkraps: cant counter anything they have
(19:21 / Allies) kwok: out teal
(19:25 / Allies) kwok: out teal
(19:26 / Allies) kwok: now
(19:31 / Allies) Mudkraps: al;ready out
(19:32 / Allies) Mudkraps: dude
(19:47 / All) StubMyDamnTOE: one step ahead of you
(20:12 / All) StubMyDamnTOE: btw yellow
(20:14 / All) StubMyDamnTOE: thanks for making an army
(20:17 / All) StubMyDamnTOE: that my hero hard counters
(20:35 / All) Mudstructoid: Blizz should fix hard counters
(20:38 / All) Mudstructoid: *Shows a picture of a broken counter*
(20:48 / All) StubMyDamnTOE: I think I got banned for how long cause of that?
(20:51 / All) Mudstructoid: No idea
(21:02 / All) Mudstructoid: lol'd hard though
(21:45 / Allies) Mudstructoid: yellow
(21:46 / Allies) Mudstructoid: wood please
(21:48 / All) Mudkraps: FUCK I LOST ONE CHIM
(21:50 / Allies) Mudstructoid: 2k would be nice
(21:55 / Allies) Mudstructoid: i don't think you'll be needing it
(22:01 / Allies) Mudstructoid: alright ty
(22:53 / All) StubMyDamnTOE: carrion swarm doesn't work on tanks yellow
(22:57 / All) Mudstructoid: hahahahahaha
(23:03 / All) Mudstructoid: Neither do gargs actually
(23:07 / All) StubMyDamnTOE: lol
(23:08 / All) StubMyDamnTOE: <3
(25:05 / Allies) kwok: rally bottom pls
(25:11 / Allies) kwok: now
(25:18 / 5) Mudstructoid: green never researched animal health
(26:17 / All) StubMyDamnTOE: that was a weird glitch
(26:21 / All) StubMyDamnTOE: all the gargs disappered
(26:22 / All) Mudstructoid: What hapepned
(26:24 / All) StubMyDamnTOE: and my xp bar shot up
(26:25 / All) Mudstructoid: LOL
(26:26 / Allies) vallyindaclub: i guys are horrible
(26:34 / All) Mudstructoid: Yellow: i guys are horrible
(26:40 / All) Mudkraps: lol yellow
(26:41 / All) StubMyDamnTOE: did he actually accuse you guys
(26:42 / All) StubMyDamnTOE: of being bad
(26:45 / All) Mudkraps: you massed gargs against pandas
(26:47 / All) Mudstructoid: I think he was talking about himself
(26:49 / All) Mudstructoid: hence the i
(26:49 / All) Mudkraps: you are horrible
(27:05 / All) vallyindaclub: at least i did not go wyrms
(27:11 / All) StubMyDamnTOE: in fairness
(27:15 / All) StubMyDamnTOE: if there's a panda in play
(27:16 / All) StubMyDamnTOE: in a team game
(27:20 / All) StubMyDamnTOE: the undead might as well quit anyway
(27:58 / All) StubMyDamnTOE: okay what can i build out of stuff
(28:51 / All) Mudkraps: ok ghetto, fuck you, hate playing you, youre an unsuccessful and unattractive asian american, youre a noob and/or virgin, etc
(28:54 / All) Mudkraps: up for another?
(28:54 / Allies) kwok: hippos man
(28:56 / All) StubMyDamnTOE: nah
(29:00 / All) StubMyDamnTOE: gonna go back to what i was doing after this
(29:01 / Allies) kwok: rally at yealllow pls purp
(29:02 / All) StubMyDamnTOE: pwning n00bs
(29:04 / All) StubMyDamnTOE: on the real life
(29:06 / All) StubMyDamnTOE: internet
(29:08 / All) Mudstructoid: dodger
(29:11 / All) Mudkraps: masturbating?
(29:13 / All) Mudkraps: ahueahueahueahu
(29:19 / All) StubMyDamnTOE: nothing wrong with that
(29:23 / All) StubMyDamnTOE: i want to become rank 1 masturbator
(29:26 / All) StubMyDamnTOE: on east
(29:26 / All) Mudkraps: but yeah, dodger
(29:45 / All) Mudstructoid: Isn't it funny
(29:48 / All) Mudstructoid: you won without doing a single thing
(29:52 / All) Pwnz[O]r: W00T
(29:53 / All) StubMyDamnTOE: lol
(30:03 / All) StubMyDamnTOE: YOU IDRA DAWG?
(30:05 / All) StubMyDamnTOE: YOU IDRA?
(30:12 / All) Mudstructoid: IM IDRAGING SO HARD RIGHT NOW
(30:20 / Allies) kwok: purp give us ur gold
(30:37 / All) Pwnz[O]r: We pwn.
(30:39 / All) Mudstructoid: red's telling me to give him my resources
(30:44 / All) Mudstructoid: I guess he thinks he's got this
(30:44 / All) StubMyDamnTOE: be nice
(30:45 / All) StubMyDamnTOE: give
(30:47 / All) Mudstructoid: That's fine
(30:50 / All) Mudstructoid: I believe in him
(30:58 / All) Pwnz[O]r: Yellow wins.
(31:29 / All) StubMyDamnTOE: did you really
(31:31 / All) StubMyDamnTOE: red
(31:33 / All) StubMyDamnTOE: you ain't winning now
(32:08 / All) Pwnz[O]r: W00T
(32:11 / All) StubMyDamnTOE: i hope his name was ironic
(32:16 / All) StubMyDamnTOE: supposed to be*
(33:29 / All) ANGRYGAY.MAN: get off my dick
(33:32 / All) ANGRYGAY.MAN: faggot
(33:36 / All) StubMyDamnTOE: lol
(33:40 / All) Mudstructoid: Alright red, you've got a standing force of buildings. Think you can do it?
(34:12 / All) ANGRYGAY.MAN: fuck u
(35:00 / All) Mudstructoid: alright
(35:01 / All) Mudstructoid: I'm out
(35:02 / All) Mudstructoid: Later
(35:05 / All) StubMyDamnTOE: later
(35:05 / All) Pwnz[O]r: Cya.